 Dungeon Crawl Stone Soup version 0.29.1-12-g30fa7ad0bf (webtiles) character file.

Game seed: 14065690338174212094

291 Coaxmetal the Magician (level 6, -1/44 HPs)
             Began as a Gnoll Hedge Wizard on Dec 19, 2022.
             Succumbed to a water moccasin's poison
             ... on level 5 of the Dungeon.
             The game lasted 00:07:57 (5627 turns).

Coaxmetal the Magician (Gnoll Hedge Wizard)         Turns: 5627, Time: 00:07:57

Health: -1/44      AC:  4    Str: 12    XL:     6   Next: 32%
Magic:  12/16      EV: 12    Int: 13    God:
Gold:   247        SH:  4    Dex: 11    Spells: 16/19 levels left

rFire   . . .      SeeInvis .   b - staff of conjuration
rCold   . . .      Faith    .   p - +0 buckler
rNeg    . . .      Spirit   .   o - +0 leather armour
rPois   .          Reflect  .   c - +0 hat
rElec   .          Harm     .   w - +0 cloak
rCorr   .          Rampage  .   (no gloves)
Will    .....                   (no boots)
Stlth   ++........              (no amulet)
HPRegen 0.14/turn               (no ring)
MPRegen 0.15/turn               (no ring)

@: lethally poisoned (-1 -> -11)
A: fangs 1, strong nose, distributed training
a: no special abilities


You were on level 5 of the Dungeon.
You visited 1 branch of the dungeon, and saw 5 of its levels.

You collected 247 gold pieces.

Inventory:

Hand Weapons
 a - a +0 short sword of speed
Missiles
 l - 5 curare-tipped darts
Armour
 c - a +0 hat (worn)
 n - a scarf of resistance
 o - a +0 leather armour (worn)
 p - a +0 buckler (worn)
 w - a +0 cloak (worn)
Magical Staves
 b - a staff of conjuration (weapon)
Jewellery
 z - a ring of ice
Wands
 s - a wand of digging (1)
Scrolls
 e - 7 scrolls of identify {unknown}
 g - a scroll of magic mapping {unknown}
 j - a scroll of fear {unknown}
 k - 2 scrolls of enchant armour {unknown}
 m - a scroll of noise {unknown}
 q - 2 scrolls of teleportation {unknown}
 t - 2 scrolls of fog {unknown}
 x - a scroll of blinking {unknown}
 y - a scroll of amnesia {unknown}
Potions
 d - a potion of magic
 f - a potion of mutation {unknown}
 h - a potion of attraction {unknown}
 i - a potion of degeneration {unknown}
 r - a potion of lignification {unknown}
 u - 3 potions of curing
 v - a potion of might {unknown}


   Skills:
 + Level 2.0 Fighting
 + Level 2.0 Short Blades
 + Level 2.0 Long Blades
 + Level 2.0 Axes
 + Level 2.0 Maces & Flails
 + Level 2.0 Polearms
 + Level 2.0 Staves
 + Level 2.0 Ranged Weapons
 + Level 2.0 Throwing
 + Level 2.0 Armour
 + Level 5.0 Dodging
 + Level 4.6 Stealth
 + Level 2.0 Shields
 + Level 2.0 Unarmed Combat
 + Level 7.4 Spellcasting
 + Level 2.6 Conjurations
 + Level 1.5 Hexes
 + Level 2.6 Summonings
 + Level 1.5 Necromancy
 + Level 2.6 Translocations
 + Level 1.5 Transmutations
 + Level 1.5 Fire Magic
 + Level 1.5 Ice Magic
 + Level 1.5 Air Magic
 + Level 1.5 Earth Magic
 + Level 1.5 Poison Magic
 + Level 2.2 Invocations
 + Level 2.0 Evocations


You had 16 spell levels left.
You knew the following spells:

 Your Spells              Type           Power      Damage    Failure   Level
a - Magic Dart            Conj           68%        1d6       9%          1
b - Blink                 Tloc           22%        N/A       13%         2

Your spell library contained the following spells:

 Spells                   Type           Power      Damage    Failure   Level
 Slow                     Hex            32%        N/A       13%         1
 Call Imp                 Summ           11%        N/A       13%         2
 Conjure Flame            Conj/Fire      15%        6-21      32%         3
 Mephitic Cloud           Conj/Pois/Air  14%        N/A       34%         3


Dungeon Overview and Level Annotations

Branches:
Dungeon (5/15)
 Temple: D:4-7

Altars:
Okawaru


Innate Abilities, Weirdness & Mutations

You have very sharp teeth.
Your uncanny sense of smell can sniff out nearby items.
Your experience applies equally to all skills.


Message History

The water moccasin attacks as you move away!
The water moccasin barely misses you. You block the water moccasin's attack.
The water moccasin attacks as you move away!
The water moccasin bites you.
The water moccasin bites you but does no damage.
The water moccasin attacks as you move away!
You block the water moccasin's attack.
The water moccasin attacks as you move away!
The water moccasin bites you but does no damage.
The water moccasin bites you.
Your magical contamination has completely faded away.
The water moccasin bites you but does no damage.
You hear the brisk hiss of a very distant avalanche of sand.
The water moccasin attacks as you move away!
The water moccasin bites you. x2
The water moccasin barely misses you.
The water moccasin attacks as you move away!
The water moccasin bites you.
You are lethally poisoned!
The water moccasin poisons you!
You feel very sick.
The water moccasin attacks as you move away!
The water moccasin closely misses you.
* * * LOW HITPOINT WARNING * * *
You feel very sick.
* * * LOW HITPOINT WARNING * * *
You feel very sick. The water moccasin bites you.
* * * LOW HITPOINT WARNING * * *
It was a potion of curing.
You feel better. The water moccasin bites you!
* * * LOW HITPOINT WARNING * * *
You are lethally poisoned!
The water moccasin poisons you!
* * * LOW HITPOINT WARNING * * *
You feel very sick. The water moccasin bites you.
* * * LOW HITPOINT WARNING * * *
There is a stone staircase leading up here.
You die...

.≈≈≈≈≈≈≈≈≈≈≈
..≈≈≈≈≈≈≈≈≈≈≈≈≈..# ..#
....≈≈≈≈≈≈≈≈≈..... ... ∆
......≈≈≈≈≈......# #.#
.................# ..#
.#....## ....#...# #.# .#
......###........# #.# .#
.##.#.....##.##..# #.### .#
.#.####.###...#.@# #...# .#
..# #.........S#######.#.#
.# .#
#####...##oo.o.....#.####.#
. ##.####.##......#.ooo.#
#.# #.########.###..# #.#
#.# #.#....# #.# #.#
#.#.#.#. #.# #.# #.#.#.#s
#.# #.########.#.#.#.


You could see a water moccasin and 2 orcs.

Vanquished Creatures
  A phantom (D:5)
  A necrophage (D:4)
  A scorpion (D:4)
  An orc priest (D:4)
  An adder (D:2)
  A worm (D:4)
  A dart slug (D:1)
  3 orcs
  3 bats
  5 endoplasms
  2 giant cockroaches
  5 goblins
  7 hobgoblins
  7 kobolds
  2 quokkas
  5 ball pythons
  2 frilled lizards
  A rat (D:1)
49 creatures vanquished.

Notes
Turn   | Place    | Note
-------+----------+-------------------------------------------
     0 | D:1      | Coaxmetal the Gnoll Hedge Wizard began the quest for the
                  | Orb.
     0 | D:1      | Reached XP level 1. HP: 13/13 MP: 8/8
    42 | D:1      | Found a faded altar of an unknown god.
    86 | D:1      | Reached XP level 2. HP: 6/20 MP: 10/10
   483 | D:1      | HP: 1/20 [kobold/+0 whip (4)]
  1088 | D:1      | Reached XP level 3. HP: 19/25 MP: 6/11
  1703 | D:2      | Learned a level 2 spell: Blink
  2390 | D:2      | Reached skill level 1 in Invocations
  2522 | D:3      | Reached skill level 1 in Fighting
  2522 | D:3      | Reached skill level 1 in Short Blades
  2522 | D:3      | Reached skill level 1 in Long Blades
  2522 | D:3      | Reached skill level 1 in Axes
  2522 | D:3      | Reached skill level 1 in Maces & Flails
  2522 | D:3      | Reached skill level 1 in Polearms
  2522 | D:3      | Reached skill level 1 in Staves
  2522 | D:3      | Reached skill level 1 in Ranged Weapons
  2522 | D:3      | Reached skill level 1 in Throwing
  2522 | D:3      | Reached skill level 1 in Armour
  2522 | D:3      | Reached skill level 1 in Shields
  2522 | D:3      | Reached skill level 1 in Unarmed Combat
  2522 | D:3      | Reached skill level 1 in Evocations
  3396 | D:4      | Reached XP level 4. HP: 32/32 MP: 9/13
  3605 | D:4      | Noticed a necrophage
  3632 | D:4      | Killed a necrophage
  3633 | D:4      | Reached skill level 1 in Hexes
  3633 | D:4      | Reached skill level 1 in Necromancy
  3633 | D:4      | Reached skill level 1 in Transmutations
  3633 | D:4      | Reached skill level 1 in Fire Magic
  3633 | D:4      | Reached skill level 1 in Ice Magic
  3633 | D:4      | Reached skill level 1 in Air Magic
  3633 | D:4      | Reached skill level 1 in Earth Magic
  3633 | D:4      | Reached skill level 1 in Poison Magic
  3633 | D:4      | Reached XP level 5. HP: 16/37 MP: 10/14
  3969 | D:4      | Noticed an orc warrior
  4329 | D:4      | Noticed a black bear
  4923 | D:4      | Found an iron altar of Okawaru.
  5254 | D:5      | Entered Level 5 of the Dungeon
  5262 | D:5      | Noticed a phantom
  5293 | D:5      | Killed a phantom
  5294 | D:5      | Reached skill level 5 in Dodging
  5294 | D:5      | Reached XP level 6. HP: 10/44 MP: 9/16
  5599 | D:5      | Noticed a water moccasin
  5624 | D:5      | HP: 2/44 [water moccasin (6)]
  5627 | D:5      | Succumbed to a water moccasin's poison

Illustrated notes

Levels and vault maps discovered:
D:1:      nicolae_arrival_washed_ashore, layout_basic, basic_ecumenical_altar,
          lemuel_flame_loot_1
D:2:      layout_basic, grunt_decor_junction, amcnicky_mini_pool_small
D:3:      layout_loops_ring, minmay_misc_feat_more_columns
D:4:      layout_layer_cave, mainiacjoe_overflow_surrounded_room
D:5:      layout_loops_ring, temple_pool_b, serial_glass, glass_columns_b,
          glass_columns_a, feat_on_display, minmay_strange_pillars,
          minmay_strange_pillars, lightli_ossuary_entry_decrepit_ruins,
          uniq_grinder

Skill      XL: |  1  2  3  4  5 |
---------------+----------------+-----
Conjurations   | 2 |  2.6
Summonings     | 2 |  2.6
Translocations | 2 |  2.6
Invocations    | 1 2 |  2.2
Fighting       | 1 2 |  2.0
Short Blades   | 1 2 |  2.0
Long Blades    | 1 2 |  2.0
Axes           | 1 2 |  2.0
Maces & Flails | 1 2 |  2.0
Polearms       | 1 2 |  2.0
Staves         | 1 2 |  2.0
Ranged Weapons | 1 2 |  2.0
Throwing       | 1 2 |  2.0
Armour         | 1 2 |  2.0
Shields        | 1 2 |  2.0
Unarmed Combat | 1 2 |  2.0
Evocations     | 1 2 |  2.0
Hexes          | 1 |  1.5
Necromancy     | 1 |  1.5
Transmutations | 1 |  1.5
Fire Magic     | 1 |  1.5
Ice Magic      | 1 |  1.5
Air Magic      | 1 |  1.5
Earth Magic    | 1 |  1.5
Poison Magic   | 1 |  1.5
Dodging        | 5 |  5.0
Stealth        | |  4.6
Spellcasting   | |  7.4

Action                   |  1- 3 |  4- 6 || total
-------------------------+-------+-------++-------
Melee: Dagger            |    45 |       ||    45
       Bite              |     3 |     5 ||     8
       Short sword       |    12 |    40 ||    52
 Cast: Magic Dart        |    52 |    62 ||   114
       Blink             |     1 |       ||     1
  Use: Potion            |       |     1 ||     1
 Stab: Sleeping          |     6 |       ||     6
Armor: Robe              |    10 |       ||    10
       Leather armour    |     1 |    10 ||    11
Dodge: Dodged            |    39 |    26 ||    65
Block: Buckler           |       |    13 ||    13
